3R
BOMPTON BABY LAKERS @ GIBTOWN ELEPHANTS
06/14/2038
 
TOP OF THE 1ST
Bompton Baby Lakers batting - Pitching for Gibtown Elephants : RHP Vicente Molina
Pitching: RHP Vicente Molina
Batting: RHB Steffen Schulte 0-0: Called Strike
0-1: Ball
1-1: Called Strike
1-2: Strikes out swinging
Batting: RHB Ken Gil 0-0: Ball
1-0: Foul Ball, location: 2F
1-1: Ball
2-1: SINGLE (Line Drive, 7S, EV 103.8 MPH)
Batting: LHB Ben Chell 0-0: Foul Ball, location: 2F
0-1: Fly out, F6 (Popup, 4MD, EV 49.4 MPH)
Batting: RHB Rick Pawlowicz 0-0: Foul Ball, location: 2F
0-1: Called Strike
0-2: Ball
Wild Pitch!
Ken Gil to second
1-2: Ball
2-2: Ground out 6-3 (Groundball, 6, EV 106.9 MPH)
Top of the 1st over - 0 runs, 1 hit, 0 errors, 1 left on base; Bompton 0 - Gibtown 0
BOTTOM OF THE 1ST
Gibtown Elephants batting - Pitching for Bompton Baby Lakers : RHP Bungay Osiman
Pitching: RHP Bungay Osiman
Batting: RHB Guillermo Alemán 0-0: Ball
1-0: Called Strike
1-1: DOUBLE (Line Drive, 7D, EV 103.8 MPH)
Batting: RHB Dusan Kontic 0-0: Ball
1-0: Ball
2-0: Foul Ball, location: 2F
2-1: Ball
3-1: Foul Ball, location: 2F
3-2: Strikes out swinging
Batting: RHB Joe Frank 0-0: Hit by Pitch
Batting: LHB Jeff McNeice 0-0: Called Strike
0-1: Called Strike
0-2: Ball
1-2: Ball
2-2: Fly out, F8 (Flyball, 8LD, EV 98.1 MPH)
Batting: SHB Christian Cole 0-0: Ball
1-0: Ball
2-0: Fly out, F5 (Popup, 56, EV 78.1 MPH)
Bottom of the 1st over - 0 runs, 1 hit, 0 errors, 2 left on base; Bompton 0 - Gibtown 0
TOP OF THE 2ND
Bompton Baby Lakers batting - Pitching for Gibtown Elephants : RHP Vicente Molina
Batting: RHB Jason Portillo 0-0: SINGLE (Line Drive, 8LS, EV 107.5 MPH)
Batting: LHB Jonathan Winston 0-0: Fly out, F8 (Line Drive, 8RM, EV 92.5 MPH)
Batting: RHB Wei Tu 0-0: Fly out, F7 (Flyball, 7, EV 86.9 MPH)
Batting: RHB Truman Posner 0-0: Called Strike
0-1: Called Strike
0-2: Ball
1-2: Foul Ball, location: 2F
1-2: Foul Ball, location: 2F
1-2: Ball
2-2: Ball
3-2: Foul Ball, location: 2F
3-2: Base on Balls
Jason Portillo to second
Batting: LHB Jon Kelly 0-0: Called Strike
0-1: Called Strike
0-2: Strikes out looking
Top of the 2nd over - 0 runs, 1 hit, 0 errors, 2 left on base; Bompton 0 - Gibtown 0
BOTTOM OF THE 2ND
Gibtown Elephants batting - Pitching for Bompton Baby Lakers : RHP Bungay Osiman
Batting: LHB Jorge Cruz 0-0: Called Strike
0-1: Called Strike
0-2: Strikes out looking
Batting: RHB Robinson Vargas 0-0: Called Strike
0-1: Called Strike
0-2: Fly out, F8 (Line Drive, 8RD, EV 98.1 MPH)
Batting: RHB Colton Pennington 0-0: Called Strike
0-1: Ball
1-1: Called Strike
1-2: Fly out, F6 (Popup, 56, EV 70.6 MPH)
Bottom of the 2nd over - 0 runs, 0 hits, 0 errors, 0 left on base; Bompton 0 - Gibtown 0
TOP OF THE 3RD
Bompton Baby Lakers batting - Pitching for Gibtown Elephants : RHP Vicente Molina
Batting: RHB Steffen Schulte 0-0: Called Strike
0-1: Foul Ball, location: 2F
0-2: Ball
1-2: Strikes out swinging
Batting: RHB Ken Gil 0-0: SINGLE (Groundball, 6D, EV 103.1 MPH)
Batting: LHB Ben Chell 0-0: SINGLE (Groundball, 34D, EV 98.8 MPH)
Ken Gil to second
Runner from 2nd tries for 3rd, SAFE, throw by RF made to third
Batting: RHB Rick Pawlowicz 0-0: Called Strike
0-1: Called Strike
0-2: Ball
1-2: Ball
2-2: Fly out, F9 (Flyball, 89S, EV 90.6 MPH)
Batting: RHB Jason Portillo 0-0: Ball
1-0: Ball
2-0: Ball
3-0: Base on Balls
Ben Chell to second
Batting: LHB Jonathan Winston 0-0: Swinging Strike
0-1: Foul Ball, location: 2F
0-2: SINGLE (Line Drive, 8LM, EV 99.4 MPH)
Ken Gil scores
Ben Chell to third
Jason Portillo to second
Runner from 3rd tries for Home, SAFE, no throw by CF
Batting: RHB Wei Tu 0-0: SINGLE (Groundball, 4MD, EV 101.2 MPH)
Jason Portillo to third
Jonathan Winston to second
Runner from 3rd tries for Home, SAFE, no throw by CF
Batting: RHB Truman Posner 0-0: Called Strike
0-1: Ball
Passed Ball!
Jonathan Winston to third
Wei Tu to second
1-1: SINGLE (Groundball, 6MD, EV 104.4 MPH)
Jonathan Winston scores
Wei Tu to third
Runner from 3rd tries for Home, SAFE, no throw by CF
Batting: LHB Jon Kelly 0-0: Foul Ball, location: 2F
0-1: Ball
1-1: Ball
2-1: Foul Ball, location: 2F
2-2: Strikes out swinging
Top of the 3rd over - 5 runs, 5 hits, 0 errors, 1 left on base; Bompton 5 - Gibtown 0
BOTTOM OF THE 3RD
Gibtown Elephants batting - Pitching for Bompton Baby Lakers : RHP Bungay Osiman
Batting: LHB Mark Mears 0-0: Ball
1-0: Foul Ball, location: 2F
1-1: Foul Ball, location: 2F
1-2: Strikes out looking
Batting: RHB Guillermo Alemán 0-0: Fly out, F9 (Flyball, 89M, EV 80.0 MPH)
Batting: RHB Dusan Kontic 0-0: Foul Ball, location: 2F
0-1: Called Strike
0-2: Foul Ball, location: 2F
0-2: Ball
1-2: Ground out U3 (Groundball, 3, EV 85.6 MPH)
Bottom of the 3rd over - 0 runs, 0 hits, 0 errors, 0 left on base; Bompton 5 - Gibtown 0
TOP OF THE 4TH
Bompton Baby Lakers batting - Pitching for Gibtown Elephants : RHP Vicente Molina
Batting: RHB Steffen Schulte 0-0: Called Strike
0-1: Ball
1-1: Swinging Strike
1-2: SINGLE (Groundball, 56S, EV 71.2 MPH) (infield hit)
Pitching: RHP Rijk Blok
Batting: RHB Ken Gil 0-0: Called Strike
0-1: Foul Ball, location: 2F
0-2: Ball
1-2: Ball
2-2: Ball
3-2: Strikes out swinging
Steffen Schulte is caught stealing 2nd base 2-4
Batter strikes out.
Batting: LHB Ben Chell 0-0: Ball
1-0: Ball
2-0: Ball
3-0: Called Strike
3-1: Base on Balls
Batting: RHB Rick Pawlowicz 0-0: Foul Ball, location: 2F
0-1: Fielders Choice at 2nd, 6-4 (Groundball, 6, EV 105.0 MPH)
Top of the 4th over - 0 runs, 1 hit, 0 errors, 1 left on base; Bompton 5 - Gibtown 0
BOTTOM OF THE 4TH
Gibtown Elephants batting - Pitching for Bompton Baby Lakers : RHP Bungay Osiman
Batting: RHB Joe Frank 0-0: Called Strike
0-1: Ball
1-1: Called Strike
1-2: Strikes out swinging
Batting: LHB Jeff McNeice 0-0: Ball
1-0: Foul Ball, location: 2F
1-1: Ball
2-1: Reached via error on a dropped throw from 1B, E1 (Groundball, 34, EV 75.6 MPH)
Batting: SHB Christian Cole 0-0: Ball
Wild Pitch!
Jeff McNeice to second
1-0: Ball
2-0: Ball
3-0: Base on Balls
Batting: LHB Jorge Cruz 0-0: Ball
1-0: Ball
2-0: Called Strike
2-1: Fly out, F9 (Flyball, 9S, EV 81.9 MPH)
Batting: RHB Robinson Vargas 0-0: Ball
1-0: Swinging Strike
1-1: Ball
2-1: Swinging Strike
2-2: Foul Ball, location: 2F
2-2: Strikes out swinging
Bottom of the 4th over - 0 runs, 0 hits, 1 error, 2 left on base; Bompton 5 - Gibtown 0
TOP OF THE 5TH
Bompton Baby Lakers batting - Pitching for Gibtown Elephants : RHP Rijk Blok
Batting: RHB Jason Portillo 0-0: Ball
1-0: Ball
2-0: Called Strike
2-1: Foul Ball, location: 2F
2-2: Foul Ball, location: 2F
2-2: Foul Ball, location: 2F
2-2: SINGLE (Line Drive, 7S, EV 98.1 MPH)
Batting: LHB Jonathan Winston 0-0: Swinging Strike
0-1: Swinging Strike
0-2: Strikes out swinging
Batting: RHB Wei Tu 0-0: Called Strike
0-1: Foul Ball, location: 2F
0-2: Ball
1-2: Strikes out swinging
Batting: RHB Truman Posner 0-0: Ball
1-0: Called Strike
1-1: Called Strike
1-2: Ground out 5-3 (Groundball, 56S, EV 88.8 MPH)
Top of the 5th over - 0 runs, 1 hit, 0 errors, 1 left on base; Bompton 5 - Gibtown 0
BOTTOM OF THE 5TH
Gibtown Elephants batting - Pitching for Bompton Baby Lakers : RHP Bungay Osiman
Batting: RHB Colton Pennington 0-0: Fly out, F3 (Popup, 3F, EV 65.6 MPH)
Batting: LHB Mark Mears 0-0: Foul Ball, location: 2F
0-1: Ball
1-1: Ball
2-1: Fly out, F7 (Flyball, 7S, EV 73.8 MPH)
Batting: RHB Guillermo Alemán 0-0: TRIPLE (Line Drive, 89XD, EV 105.6 MPH)
Batting: RHB Dusan Kontic 0-0: Ground out 6-3 (Groundball, 6, EV 101.9 MPH)
Bottom of the 5th over - 0 runs, 1 hit, 0 errors, 1 left on base; Bompton 5 - Gibtown 0
TOP OF THE 6TH
Bompton Baby Lakers batting - Pitching for Gibtown Elephants : RHP Rijk Blok
Batting: LHB Jon Kelly 0-0: Called Strike
0-1: Called Strike
0-2: Foul Ball, location: 2F
0-2: Fly out, F8 (Flyball, 8LD, EV 96.9 MPH)
Batting: RHB Steffen Schulte 0-0: Ball
1-0: Foul Ball, location: 2F
1-1: Ground out 3-1 (Groundball, 34, EV 76.9 MPH)
Batting: RHB Ken Gil 0-0: Ball
1-0: Ball
2-0: Ball
3-0: Called Strike
3-1: Foul Ball, location: 2F
3-2: SINGLE (Line Drive, 34D, EV 96.2 MPH)
Pitching: RHP Bill Culshaw
Batting: LHB Ben Chell 0-0: Called Strike
0-1: Foul Ball, location: 2F
0-2: Ball
1-2: Strikes out swinging
Top of the 6th over - 0 runs, 1 hit, 0 errors, 1 left on base; Bompton 5 - Gibtown 0
BOTTOM OF THE 6TH
Gibtown Elephants batting - Pitching for Bompton Baby Lakers : RHP Bungay Osiman
Batting: RHB Joe Frank 0-0: Ball
1-0: Called Strike
1-1: SINGLE (Line Drive, 4MD, EV 93.8 MPH)
Batting: LHB Jeff McNeice 0-0: Ball
1-0: Grounds into double play, 4-6-3 (Groundball, 4, EV 85.6 MPH)
Batting: SHB Christian Cole 0-0: Ball
1-0: Foul Ball, location: 2F
1-1: Swinging Strike
1-2: Foul Ball, location: 2F
1-2: Foul Ball, location: 2F
1-2: Ball
2-2: Fly out, F7 (Flyball, 7S, EV 87.5 MPH)
Bottom of the 6th over - 0 runs, 1 hit, 0 errors, 0 left on base; Bompton 5 - Gibtown 0
TOP OF THE 7TH
Bompton Baby Lakers batting - Pitching for Gibtown Elephants : RHP Bill Culshaw
Batting: RHB Rick Pawlowicz 0-0: Called Strike
0-1: Ball
1-1: Ball
2-1: SINGLE (Groundball, 6, EV 93.1 MPH) (infield hit)
Batting: RHB Jason Portillo 0-0: Ball
1-0: Foul Ball, location: 2F
1-1: Called Strike
1-2: Ball
2-2: Ball
3-2: Foul Ball, location: 2F
3-2: Foul Ball, location: 2F
3-2: Foul Ball, location: 2F
3-2: Foul Ball, location: 2F
3-2: Strikes out swinging
Batting: LHB Jonathan Winston 0-0: Called Strike
Pickoff Throw by Catcher to First - Error! E2
Rick Pawlowicz to second
0-1: Ball
1-1: Foul Ball, location: 2F
1-2: Fly out, F8 (Flyball, 8RXD, EV 88.1 MPH)
Runner from 2nd tags up, SAFE at 3rd, no throw by CF
Batting: RHB Wei Tu 0-0: Foul Ball, location: 2F
0-1: SINGLE (Line Drive, 4MD, EV 109.4 MPH)
Rick Pawlowicz scores
Batting: RHB Truman Posner 0-0: Ball
1-0: Called Strike
1-1: Foul Ball, location: 2F
1-2: Ball
2-2: Ball
3-2: Strikes out swinging
Top of the 7th over - 1 run, 2 hits, 1 error, 1 left on base; Bompton 6 - Gibtown 0
BOTTOM OF THE 7TH
Gibtown Elephants batting - Pitching for Bompton Baby Lakers : RHP Bungay Osiman
Batting: LHB Jorge Cruz 0-0: Foul Ball, location: 2F
0-1: Swinging Strike
0-2: Foul Ball, location: 2F
0-2: Ball
1-2: Foul Ball, location: 2F
1-2: Hit by Pitch
Batting: RHB Robinson Vargas 0-0: SINGLE (Flyball, 9LS, EV 89.4 MPH)
Jorge Cruz to second
Batting: RHB Colton Pennington 0-0: Fly out, F8 (Line Drive, 8LD, EV 94.4 MPH)
Runner from 2nd tags up, SAFE at 3rd with throw by CF
Batting: LHB Mark Mears 0-0: Ball
1-0: Ball
2-0: Called Strike
2-1: Fly out, F6 (Popup, 6M, EV 68.1 MPH)
Batting: RHB Guillermo Alemán 0-0: Ball
1-0: Called Strike
1-1: Called Strike
1-2: Strikes out swinging, 2-3 out at first.
Bottom of the 7th over - 0 runs, 1 hit, 0 errors, 2 left on base; Bompton 6 - Gibtown 0
TOP OF THE 8TH
Bompton Baby Lakers batting - Pitching for Gibtown Elephants : RHP Bill Culshaw
Batting: LHB Jon Kelly 0-0: Called Strike
0-1: Swinging Strike
0-2: Strikes out swinging
Batting: RHB Steffen Schulte 0-0: Foul Ball, location: 2F
0-1: Ball
1-1: Called Strike
1-2: Ground out 6-3 (Groundball, 6S, EV 81.9 MPH)
Batting: RHB Ken Gil 0-0: Called Strike
0-1: SINGLE (Groundball, 56, EV 97.5 MPH)
Batting: LHB Ben Chell 0-0: Ball
1-0: Ball
2-0: Ball
3-0: Called Strike
3-1: Foul Ball, location: 2F
3-2: Fly out, F9 (Flyball, 9S, EV 97.5 MPH)
Top of the 8th over - 0 runs, 1 hit, 0 errors, 1 left on base; Bompton 6 - Gibtown 0
BOTTOM OF THE 8TH
Gibtown Elephants batting - Pitching for Bompton Baby Lakers : RHP Bungay Osiman
Batting: RHB Dusan Kontic 0-0: Foul Ball, location: 2F
0-1: SINGLE (Groundball, 56D, EV 109.4 MPH)
Batting: RHB Joe Frank 0-0: Foul Ball, location: 2F
0-1: Ball
1-1: Ball
2-1: Fly out, F7 (Flyball, 78S, EV 71.2 MPH)
Batting: LHB Jeff McNeice 0-0: Called Strike
0-1: Foul Ball, location: 2F
0-2: Foul Ball, location: 2F
0-2: SINGLE (Groundball, 13S, EV 64.4 MPH) (infield hit)
Dusan Kontic to second
Pitching: RHP Yong-jun Yi
Batting: SHB Christian Cole 0-0: Fly out, F7 (Flyball, 7LDF, EV 107.5 MPH)
Batting: LHB Jorge Cruz 0-0: Called Strike
0-1: Called Strike
0-2: Ball
1-2: Fly out, F9 (Line Drive, 9, EV 86.9 MPH)
Bottom of the 8th over - 0 runs, 2 hits, 0 errors, 2 left on base; Bompton 6 - Gibtown 0
TOP OF THE 9TH
Bompton Baby Lakers batting - Pitching for Gibtown Elephants : RHP Bill Culshaw
Batting: RHB Rick Pawlowicz 0-0: Ball
1-0: Ball
2-0: Ball
3-0: Base on Balls
Pitching: RHP John Boyd
Batting: RHB Jason Portillo 0-0: Called Strike
0-1: Ball
1-1: SINGLE (Line Drive, 4M, EV 94.4 MPH)
Rick Pawlowicz to second
Batting: LHB Jonathan Winston 0-0: Ball
Wild Pitch!
Rick Pawlowicz to third
Jason Portillo to second
1-0: Called Strike
1-1: Called Strike
1-2: Ball
2-2: SINGLE (Groundball, 4, EV 92.5 MPH) (infield hit)
Rick Pawlowicz scores
Jason Portillo to third
Batting: RHB Wei Tu 0-0: Called Strike
0-1: Ball
1-1: Ball
2-1: Foul Ball, location: 2F
2-2: Foul Ball, location: 2F
2-2: Ball
3-2: Strikes out swinging
Batting: RHB Truman Posner 0-0: Ball
1-0: Foul Ball, location: 2F
1-1: Ball
2-1: Grounds into double play, 4-6-3 (Groundball, 4M, EV 86.9 MPH)
Top of the 9th over - 1 run, 2 hits, 0 errors, 1 left on base; Bompton 7 - Gibtown 0
BOTTOM OF THE 9TH
Gibtown Elephants batting - Pitching for Bompton Baby Lakers : RHP Yong-jun Yi
Batting: RHB Robinson Vargas 0-0: SOLO HOME RUN (Flyball, 7LD, EV 98.1 MPH), Distance : 371 ft
Batting: RHB Colton Pennington 0-0: Ball
1-0: Swinging Strike
1-1: Foul Ball, location: 2F
1-2: Strikes out swinging
Batting: LHB Mark Mears 0-0: Called Strike
0-1: Foul Ball, location: 2F
0-2: Foul Ball, location: 2F
0-2: Fly out, F8 (Flyball, 78D, EV 103.1 MPH)
Batting: RHB Guillermo Alemán 0-0: Called Strike
0-1: Ball
1-1: Swinging Strike
1-2: Ball
2-2: Ball
3-2: Strikes out looking
Bottom of the 9th over - 1 run, 1 hit, 0 errors, 0 left on base; Bompton 7 - Gibtown 1
Friday, April 17th, 2020 - OOTP Baseball 20.8 Build 74